 Seeded DCSS version 0.30-a0-42-g806c11bf1d (webtiles) character file.

Game seed: 3391261366531424868 (custom seed)

16047 innerfire433 the Basher (level 12, -1/133 HPs)
             Began as a Demonspawn Monk on Aug 31, 2022.
             Was an Initiate of Gozag.
             Slain by an orc priest
             ... wielding a +0 falchion
              (9 damage)
             ... on level 11 of the Dungeon.
             The game lasted 00:34:47 (15187 turns).

innerfire433 the Basher (Demonspawn Monk)          Turns: 15187, Time: 00:34:48

Health: -1/133     AC: 26    Str: 18    XL:     12   Next: 6%
Magic:  12/12      EV:  2    Int: 13    God:    Gozag
Gold:   2153       SH: 17    Dex: 15    Spells: 11/11 levels left

rFire   . . .      SeeInvis .    w - +10 whip of Zier {vorpal, rF- rCorr Int+2}
rCold   . . .      Faith    .    I - +2 tower shield
rNeg    . . .      Spirit   .    (body armour currently unavailable)
rPois   +          Reflect  .    (helmet currently unavailable)
rElec   .          Harm     .    (cloak currently unavailable)
rCorr   +          Rampage  .    (gloves currently unavailable)
Will    .....      NoTele   +    (boots currently unavailable)
Stlth   ++........               (no amulet)
HPRegen 0.32/turn                g - ring of protection from fire
MPRegen 0.13/turn                (no ring)

@: tree-form (expiring), gold aura, hasted, very quick
A: stationary, stasis, torment immunity, boosted hp, (thin metallic scales 1),
demonic guardian 1, foul stench 1, (weakness stinger 2)
a: Renounce Religion, Potion Petition, Call Merchant, Bribe Branch


You were on level 11 of the Dungeon.
You worshipped Gozag.
Gozag was most pleased with you.
You were a tree.
You visited 1 branch of the dungeon, and saw 11 of its levels.

You collected 3167 gold pieces.
You spent 1014 gold pieces at shops.

Inventory:

Hand Weapons
 a - a +0 hand axe
 i - a +5 vorpal falchion
 j - a +0 trident
 w - the +10 whip of Zier (weapon) {vorpal, rF- rCorr Int+2}
   (You found it on level 5 of the Dungeon)

   It inflicts extra damage upon your enemies.
   Int:       It affects your intelligence (+2).
   rF:        It makes you vulnerable to fire.
   rCorr:     It protects you from acid and corrosion.
Missiles
 D - a throwing net (quivered)
Armour
 b - a +0 robe
 h - the +2 helmet "Lekitum" (melded) {-Cast rC+ rCorr Str+6}
   (You acquired it on level 3 of the Dungeon)

   Str:       It affects your strength (+6).
   rC:        It protects you from cold.
   -Cast:     It prevents spellcasting.
   rCorr:     It protects you from acid and corrosion.
 k - a +0 cloak
 l - a +0 ring mail
 o - a +0 chain mail
 q - a +0 scale mail
 t - the +3 leather armour "Ytiprydd" (melded) {Rampage rPois rC- Dex+4}
   (You bought it in a shop on level 5 of the Dungeon)

   Dex:       It affects your dexterity (+4).
   rC:        It makes you vulnerable to cold.
   rPois:     It protects you from poison.
   Rampage:   It bestows one free step when moving towards enemies.
 u - a +0 pair of boots
 A - a +0 pair of gloves (melded)
 E - a +0 buckler
 H - a scarf of shadows
 I - a +2 tower shield (worn)
 J - a +2 pair of boots (melded)
 P - a scarf of repulsion (melded)
 Q - a +2 cloak of preservation
Jewellery
 g - a ring of protection from fire (left branch)
Wands
 r - a wand of paralysis (5)
 v - a wand of iceblast (10)
 y - a wand of flame (12)
 F - a wand of polymorph (5)
 S - a wand of digging (3)
 T - a wand of acid (5)
Scrolls
 c - 2 scrolls of brand weapon
 e - 6 scrolls of fear
 n - 6 scrolls of teleportation
 s - a scroll of blinking
 N - 2 scrolls of vulnerability
Potions
 f - a potion of resistance {unknown}
 m - a potion of cancellation
 p - 3 potions of lignification
 C - a potion of berserk rage
 K - 2 potions of flight {unknown}
 L - a potion of mutation {unknown}
 O - 2 potions of might
 R - a potion of brilliance {unknown}
 V - a potion of attraction {unknown}


   Skills:
 + Level 6.6 Fighting
 - Level 2.0 Long Blades
 - Level 4.7(9.4) Axes
 + Level 12.5(12.9) Maces & Flails
 * Level 7.1 Armour
 - Level 5.0 Dodging
 - Level 1.9 Stealth
 * Level 7.2 Shields


You had 11 spell levels left.
You didn't know any spells.
Your spell library contained the following spells:

 Spells                   Type           Power      Damage    Failure   Level
 Necrotise                Necr           0%         1d4       95%         1
 Sandblast                Erth           0%         2d4       95%         1
 Blink                    Tloc           0%         N/A       98%         2
 Passwall                 Tmut/Erth      0%         N/A       98%         2
 Sublimation of Blood     Necr           0%         N/A       98%         2
 Wereblood                Tmut           0%         N/A       98%         2
 Dazzling Flash           Conj/Hex       0%         N/A       100%        3
 Stone Arrow              Conj/Erth      0%         3d7       100%        3
 Vampiric Draining        Necr           0%         2d6       100%        3
 Animate Armour           Summ/Erth      0%         N/A       100%        4
 Iskenderun's Mystic Bla  Conj/Tloc      0%         2d3       100%        4
 Agony                    Necr           0%         N/A       100%        5
 Blade Hands              Tmut           0%         N/A       100%        5
 Fireball                 Conj/Fire      0%         3d3       100%        5
 Iskenderun's Battlesphe  Conj           0%         2d6       100%        5
 Manifold Assault         Tloc           0%         N/A       100%        5
 Conjure Ball Lightning   Conj/Air       0%         3x3d6     100%        6
 Iron Shot                Conj/Erth      0%         9d1       100%        6
 Starburst                Conj/Fire      0%         6d3       100%        6
 Orb of Destruction       Conj           0%         9d5       100%        7
 Storm Form               Tmut/Air       0%         N/A       100%        7
 Summon Hydra             Summ           0%         N/A       100%        7


Dungeon Overview and Level Annotations

Branches:
Dungeon (11/15)            Temple (0/1) D:4            Lair (0/5) D:8
    Orc (0/2) D:11

Altars:
Cheibriados
Gozag
Hepliaklqana
Kikubaaqudgha
Makhleb
Qazlal
Trog
Uskayaw

Shops:
D:1 (   D:5 ![:   D:8 *[


Innate Abilities, Weirdness & Mutations

You are a tree.
Your roots penetrate the ground, keeping you stationary.
You cannot be teleported.
You are immune to unholy pain and torment.
Your maximum health is greatly increased.
Your equipment is partially melded.
((You are partially covered in thin metallic scales. (AC +2)))
A weak demonic guardian rushes to your aid.
You may rarely emit foul miasma when damaged in melee.
((You have a tail ending in a sharp stinger.))


Message History

The orc knight hits you with a +0 long sword!
* * * LOW HITPOINT WARNING * * *
A demonic guardian appears!
You emit a cloud of foul miasma!
You closely miss the orc knight.
The orc no longer looks unusually strong. x2
The orc priest calls down the wrath of Beogh upon you.
Beogh smites you!
* * * LOW HITPOINT WARNING * * *
You hit the orc knight.
The orc knight is lightly wounded.
The orc knight is engulfed in dark miasma.
The orc knight is poisoned.
You block the orc knight's attack.
The orc priest hits you with a +0 falchion.
* * * LOW HITPOINT WARNING * * *
The orc is distracted by your dazzling golden aura.
Unknown command.
You cannot move.
You feel better.
The orc no longer looks unusually strong.
The orc is no longer distracted by gold.
Your hellwing hits the orc knight!
Your hellwing hits the orc knight but does no damage.
The orc knight is engulfed in dark miasma.
The orc knight looks even sicker.
The orc knight roars a battlecry!
The orcs go into a battle-frenzy!
The orc priest hits you with a +0 falchion.
* * * LOW HITPOINT WARNING * * *
The orc shouts!
You feel yourself speed up.
An orc wizard appears from thin air!
Reactivating autopickup.
Your hellwing hits the orc knight!
Your hellwing barely misses the orc knight.
The orc knight is engulfed in dark miasma.
The orc knight looks even sicker.
The orc knight hits you with a +0 long sword.
* * * LOW HITPOINT WARNING * * *
The orc priest hits you with a +0 falchion!
You die...
Your body crumbles into a pile of gold.

#################################
.................................
#...................#....####....
...............4....#....####....
###############o♣##..............
............# ##o####............
............###ooo###............
............##8oo.8##............
............##.....##............
..###########.......#............
..#.......###.8...8.##....#######
..#....^..#.#.......##....# #
..#.....#.#.#.......##....# #


You could see an orc knight (very poisoned, ally target), an orc priest
(strong), an orc wizard (strong), 4 orcs and a friendly hellwing (summoned).

Vanquished Creatures
  Josephine (D:11)
  2 hydras (D:11)
  2 two-headed ogres
  Nergalle (D:10)
  Lodul (D:11)
  The ghost of IdlyInterested the Trooper, a novice DsWn (D:7)
  Maurice (D:9)
  A gargoyle (D:7)
  An unseen horror (D:11)
  Maggie (D:7)
  2 trolls
  Grinder (D:6)
  A wyvern (D:11)
  7 yaks
  Grum (D:8)
  4 wraiths (D:11)
  2 vampire mosquitoes (D:11)
  A steam dragon (D:8)
  Eustachio (D:6)
  Menkaure (D:7)
  An acid dragon (D:10)
  Duvessa (D:7)
  A water moccasin (D:9)
  A swamp drake (D:11)
  3 orc warriors
  A sky beast (D:7)
  A hornet zombie (D:6)
  An ice beast (D:6)
  7 ogres
  2 wolves (D:8)
  4 centaurs
  3 phantoms
  2 kobold brigands
  2 two-headed ogre simulacra (D:11)
  A scorpion (D:4)
  Blork the orc (D:5)
  2 bullfrogs
  2 necrophages (D:6)
  A water moccasin zombie (D:6)
  20 wights
  Dowan (D:7)
  22 killer bees
  A vampire bat (D:3)
  6 howler monkeys
  An electric eel (D:6)
  A bullfrog zombie (D:6)
  A hound (D:7)
  A jelly (D:7)
  5 orc priests
  A human zombie (D:6)
  2 iguanas
  Ijyb (D:5)
  9 orc wizards
  A killer bee zombie (D:6)
  3 mummies (D:6)
  9 adders
  A naga simulacrum (D:11)
  A shadow imp (D:8)
  2 white imps (D:5)
  An ufetubus (D:5)
  4 dart slugs
  3 fire bats (D:3)
  40 orcs
  2 spectral bats (D:3)
  8 ball pythons
  3 bat skeletons (D:3)
  A bat zombie (D:3)
  4 endoplasms
  4 giant cockroaches
  3 goblins
  8 hobgoblins
  9 jackals
  5 quokkas
  13 bats
  A bat simulacrum (D:3)
  6 frilled lizards
  18 kobolds
  7 rats
299 creatures vanquished.

Vanquished Creatures (collateral kills)
  A two-headed ogre (D:6)
  A yak (D:11)
  An ogre (D:11)
  2 bullfrogs
  An orc (D:9)
6 creatures vanquished.

Vanquished Creatures (others)
  An ogre (D:11)
  An orc (D:11)
2 creatures vanquished.

Grand Total: 307 creatures vanquished

Notes
Turn   | Place    | Note
-------+----------+-------------------------------------------
     0 | D:1      | innerfire433 the Demonspawn Monk began the quest for the
                  | Orb.
     0 | D:1      | Reached XP level 1. HP: 18/18 MP: 1/1
   239 | D:1      | Gained mutation: You are partially covered in thin metallic
                  | scales. (AC +2) [demonic ancestry]
   239 | D:1      | Reached XP level 2. HP: 14/24 MP: 2/2
   390 | D:1      | Found a faded altar of an unknown god.
   404 | D:1      | Prayed at the altar of an unknown god.
   404 | D:1      | Became a worshipper of Gozag Ym Sagoz the Greedy
   585 | D:1      | Found Buuha's Weapon Boutique.
  1042 | D:2      | Reached XP level 3. HP: 26/29 MP: 3/3
  1576 | D:2      | Reached XP level 4. HP: 37/37 MP: 4/4
  2042 | D:3      | Noticed a phantom
  2068 | D:3      | Killed a phantom
  2069 | D:3      | Reached XP level 5. HP: 19/42 MP: 5/5
  2508 | D:3      | Identified a scroll of acquirement
  2508 | D:3      | Acquired the +2 helmet "Lekitum" {-Cast rC+ rCorr Str+6}
  3185 | D:3      | Reached XP level 6. HP: 49/49 MP: 6/6
  3505 | D:4      | Found a burning altar of Makhleb.
  3505 | D:4      | Found a hide-covered altar of Uskayaw.
  3767 | D:4      | Found a staircase to the Ecumenical Temple.
  3817 | D:4      | Reached skill level 5 in Fighting
  4286 | D:5      | Entered Level 5 of the Dungeon
  4380 | D:4      | Reached XP level 7. HP: 31/52 MP: 7/7
  4750 | D:5      | Found Veck's Book Shop.
  4760 | D:5      | Noticed Ijyb
  4764 | D:5      | Paralysed by Ijyb for 5 turns
  4771 | D:5      | Killed Ijyb
  4772 | D:5      | Reached skill level 1 in Long Blades
  4810 | D:5      | Found a bloodstained altar of Trog.
  4845 | D:5      | Noticed Blork the orc
  4862 | D:5      | Killed Blork the orc
  4863 | D:5      | Reached skill level 5 in Dodging
  5241 | D:5      | Found Ofakkag's Armour Shoppe.
  5242 | D:5      | Found Nymig's Distillery.
  5249 | D:5      | Bought a potion of curing for 42 gold pieces
  5249 | D:5      | Bought a potion of curing for 42 gold pieces
  5249 | D:5      | Bought a potion of curing for 42 gold pieces
  5249 | D:5      | Bought a potion of curing for 42 gold pieces
  5249 | D:5      | Bought a potion of heal wounds for 70 gold pieces
  5249 | D:5      | Bought a potion of curing for 42 gold pieces
  5254 | D:5      | Bought the +3 leather armour "Ytiprydd" {Rampage rPois rC-
                  | Dex+4} for 325 gold pieces
  5254 | D:5      | Bought a +0 pair of boots for 49 gold pieces
  5283 | D:5      | Identified the +10 whip of Zier {vorpal, rF- rCorr Int+2}
  5342 | D:5      | Reached skill level 1 in Maces & Flails
  5393 | D:5      | Reached skill level 2 in Maces & Flails
  5616 | D:6      | Noticed Grinder
  5616 | D:6      | Found a glowing drain.
  5623 | D:6      | Killed Grinder
  5624 | D:6      | Reached skill level 3 in Maces & Flails
  5624 | D:6      | Gained mutation: A weak demonic guardian rushes to your
                  | aid. [demonic ancestry]
  5624 | D:6      | Reached XP level 8. HP: 48/63 MP: 8/8
  5625 | D:6      | Reached skill level 4 in Maces & Flails
  5746 | D:6      | Reached skill level 5 in Maces & Flails
  5881 | D:6      | Reached skill level 6 in Maces & Flails
  5943 | D:6      | Found an ancient bone altar of Kikubaaqudgha.
  6124 | D:6      | Noticed a two-headed ogre
  6150 | D:6      | Killed a two-headed ogre
  6151 | D:6      | Reached skill level 8 in Maces & Flails
  6151 | D:6      | Gained mutation: You may rarely emit foul miasma when
                  | damaged in melee. [demonic ancestry]
  6151 | D:6      | Reached XP level 9. HP: 9/68 MP: 9/9
  6867 | D:6      | Noticed Eustachio
  6876 | D:6      | Killed Eustachio
  6877 | D:6      | Reached skill level 9 in Maces & Flails
  6947 | D:7      | Found a transporter.
  6950 | D:7      | Noticed IdlyInterested's ghost (novice DsWn)
  6950 | D:7      | Noticed a gargoyle
  6952 | D:7      | Found a transporter.
  7297 | D:7      | Reached skill level 10 in Maces & Flails
  7327 | D:7      | Noticed Menkaure
  7332 | D:7      | Killed Menkaure
  7927 | D:7      | Noticed Duvessa
  7928 | D:7      | Noticed Dowan
  7938 | D:7      | Killed Dowan
  7942 | D:7      | Killed Duvessa
  7943 | D:7      | Reached XP level 10. HP: 51/74 MP: 10/10
  8359 | D:7      | Noticed Maggie
  8371 | D:7      | Killed Maggie
  8619 | D:7      | Reached skill level 1 in Armour
  8619 | D:7      | Reached skill level 1 in Shields
  8638 | D:7      | Killed IdlyInterested's ghost
  8639 | D:7      | Reached skill level 11 in Maces & Flails
  8640 | D:7      | Killed a gargoyle
  9089 | D:8      | Found a hazy altar of Hepliaklqana.
  9118 | D:8      | Found Uschoit's Antique Armour Boutique.
  9121 | D:8      | Noticed Grum
  9139 | D:8      | Killed Grum
  9271 | D:8      | Bought a tower shield for 135 gold pieces
  9271 | D:8      | Bought a pair of runed boots for 225 gold pieces
  9374 | D:8      | Found Niava's Demolitions Depot.
  9824 | D:8      | Found a stormy altar of Qazlal.
  9851 | D:8      | Found a transporter.
 10149 | D:8      | Found a staircase to the Lair.
 10378 | D:9      | Noticed Maurice
 10387 | D:9      | Killed Maurice
 10447 | D:9      | Noticed a two-headed ogre
 10457 | D:9      | Killed a two-headed ogre
 10656 | D:9      | Identified the +8 dagger "Iptima" {freeze, Will++ Str+4
                  | Int-3 Dex+3}
 10673 | D:9      | Gained mutation: You have a small tail. [demonic ancestry]
 10673 | D:9      | Reached XP level 11. HP: 80/80 MP: 11/11
 10977 | D:9      | Found a snail-covered altar of Cheibriados.
 11229 | D:10     | Entered Level 10 of the Dungeon
 11386 | D:10     | Noticed Nergalle
 11401 | D:10     | Killed Nergalle
 11402 | D:10     | Reached skill level 5 in Armour
 11402 | D:10     | Reached skill level 5 in Shields
 11692 | D:10     | Reached skill level 12 in Maces & Flails
 12306 | D:10     | Noticed a two-headed ogre
 12314 | D:10     | Killed a two-headed ogre
 12772 | D:11     | Found a staircase to the Orcish Mines.
 13124 | D:11     | Found a runed translucent door.
 13129 | D:11     | Noticed a seven-headed hydra
 13169 | D:11     | Noticed Lodul
 13192 | D:11     | Killed Lodul
 13816 | D:11     | Noticed a six-headed hydra
 13833 | D:11     | Killed a six-headed hydra
 13870 | D:11     | Noticed Josephine
 13911 | D:11     | Killed Josephine
 15145 | D:11     | Noticed an orc knight
 15170 | D:11     | Killed a seven-headed hydra
 15171 | D:11     | Gained mutation: You have a tail ending in a sharp stinger.
                  | [demonic ancestry]
 15171 | D:11     | Reached XP level 12. HP: 30/89 MP: 12/12
 15185 | D:11     | HP: 6/133 [orc priest/+0 falchion (3)]
 15187 | D:11     | Slain by an orc priest

Illustrated notes

Levels and vault maps discovered:
D:1:      lemuel_arrival_funnel, layout_basic, serial_shops, shop,
          hellmonk_ecumenical_altar_zigzags
D:2:      layout_rooms
D:3:      layout_rooms, nrook_uturn, goddamned_bats
D:4:      layout_loops_ring, jmf_multi_god_temple, minmay_temple_entry_mist,
          serial_glass, glass_columns_b, glass_columns_a
D:5:      layout_loops_ring, overflow_temple_1_default, serial_shops,
          nicolae_stop_n_shop_2, minmay_misc_feat_columns,
          nicolae_wooded_promenade, uniq_ijyb, uniq_blork_the_orc
D:6:      layout_cave_pools, lemuel_mausoleum_altar_kikubaaqudgha,
          gup_sewer_entry_glass, minmay_crystal_water, uniq_grinder,
          uniq_eustachio
D:7:      layout_basic, gammafunk_ghost_arena, hangedman_decor_diamond_cutter,
          grunt_ogre_cave, uniq_menkaure, uniq_duvessa, uniq_maggie
D:8:      layout_basic, grunt_qazlal_clouds,
          mainiacjoe_overflow_six_doors_small, lair_entry_dummy, serial_shops,
          nicolae_shop_stone, nicolae_blasting_shop, nicolae_diode_basic,
          uniq_grum
D:9:      layout_big_octagon, cheibriados_altar_2, uniq_maurice
D:10:     layout_grid_maze, uniq_nergalle
D:11:     layout_stronghold, erik_orc_1, portal_ice_cave_entry_ice_simulacra,
          lightli_church_of_beogh, uniq_lodul, uniq_josephine

Skill      XL: |  1  2  3  4  5  6  7  8  9 10 11 |
---------------+----------------------------------+-----
Dodging        | 3 4 5 |  5.0
Axes           | 3 4 |  4.7
Fighting       | 4 5 6 |  6.6
Long Blades    | 2 |  2.0
Maces & Flails | 3 8 10 11 12 | 12.5
Armour         | 4 7 |  7.1
Shields        | 4 7 |  7.2
Stealth        | |  1.9

Action                   |  1- 3 |  4- 6 |  7- 9 | 10-12 || total
-------------------------+-------+-------+-------+-------++-------
Melee: Hand axe          |    75 |       |       |       ||    75
       Trident           |    40 |   284 |       |       ||   324
       Punch             |     1 |     1 |     6 |       ||     8
       Falchion          |       |       |    58 |       ||    58
       Whip              |       |       |   188 |   460 ||   648
       Tailslap          |       |       |       |    47 ||    47
Evoke: Wand              |       |       |       |     3 ||     3
  Use: Scroll            |     2 |     5 |       |    15 ||    22
       Potion            |       |     4 |     5 |    12 ||    21
 Stab: Sleeping          |     5 |     9 |     4 |     5 ||    23
       Distracted        |     2 |       |     1 |     6 ||     9
Armor: Robe              |    42 |    43 |       |       ||    85
       Ring mail         |       |   123 |     1 |       ||   124
       Chain mail        |       |       |    63 |       ||    63
       Leather armour    |       |       |    40 |   143 ||   183
       Skin              |       |       |       |    30 ||    30
Dodge: Dodged            |    95 |   226 |   112 |   155 ||   588
Block: Tower shield      |       |       |       |   365 ||   365
       Buckler           |       |       |       |    19 ||    19

Table legend: (Time is in decaauts)
 A = Elapsed time spent in this place.
 B = Non-inter-level travel time spent in this place.
 C = Inter-level travel time spent in this place.
 D = Time resting spent in this place.
 E = Time spent auto-exploring this place.
 F = Levels seen in this place.
 G = Mean time per level.
                   A        B        C        D        E       F      G
               +--------+--------+--------+--------+--------+-----+--------+
         Total |  15149 |  14561 |    588 |      0 |  12236 |  11 | 1377.2 |
       Dungeon |  15149 |  14561 |    588 |      0 |  12236 |  11 | 1377.2 |
               +--------+--------+--------+--------+--------+-----+--------+

Top non-repeatable levels by time:
    D:11: 2600 daAuts
     D:7: 2029 daAuts
     D:3: 1655 daAuts
     D:8: 1329 daAuts
    D:10: 1327 daAuts
     D:6: 1287 daAuts
     D:5: 1210 daAuts
     D:1: 1035 daAuts
     D:4: 971 daAuts
     D:9: 869 daAuts
     D:2: 831 daAuts
